[ AOE2 MATCH · #506205612 ]
UnrankedKoreans vs Bengalis
Player's team · LOSS
Rival team · WIN
[ REPLAY ANALYSIS · EXTRACTED FROM THE RECORDED GAME ]
Feudal
8:55
Castle
23:07
Imperial
35:32
| APM avg | 59.2 |
| APM peak | 96 |
| eAPM avg | 20.8 |
| Villagers / military | 80 / 46 |
Focus
⚔️ 27.1% · 🌾 72.9%
Spearman ×20 · Skirmisher ×13 · Iron Pagoda ×7 · Monk ×3 · Bombard Cannon ×2 · Militia ×1
Feudal
9:45
Castle
17:52
Imperial
—
| APM avg | 52.8 |
| APM peak | 102 |
| eAPM avg | 30.6 |
| Villagers / military | 171 / 49 |
Focus
⚔️ 26.3% · 🌾 73.7%
Ratha (Ranged) ×27 · Armored Elephant ×14 · Mangonel ×6 · Spearman ×1 · Skirmisher ×1
Match map
Initial resources + every placement click. Lines = walls · curves = elevation contours. ◆ gold · ⬟ stone · ● berries · ✦ relic · ◌ wall gap
Your base· ✓ Closed at 23:07 · 58t walls · 1 gate(s)
I believe I can fly's base· ✓ Closed at 17:52 · 38t walls · no gate
Smoothed initial terrain · ◌ = detected wall gap · hover for details
Inputs per minute
— LukeTheHunter - - I believe I can fly
Build order — LukeTheHunter
First 150 of 289 actions detected
| 0:01 | Queue | Villager (Male) |
| 0:01 | Queue | Villager (Male) |
| 0:02 | Build | House |
| 0:03 | Build | House |
| 0:12 | Queue | Villager (Male) |
| 0:14 | Queue | Villager (Male) |
| 1:28 | Queue | Villager (Male) |
| 1:57 | Build | Lumber Camp |
| 2:00 | Queue | Villager (Male) |
| 2:19 | Queue | Villager (Male) |
| 3:00 | Queue | Villager (Male) |
| 3:01 | Queue | Villager (Male) |
| 3:40 | Queue | Villager (Male) |
| 3:55 | Build | House |
| 4:01 | Queue | Villager (Male) |
| 4:21 | Queue | Villager (Male) |
| 4:44 | Queue | Villager (Male) |
| 5:26 | Queue | Villager (Male) |
| 5:26 | Research | Loom |
| 5:29 | Queue | Villager (Male) |
| 5:31 | Research | Loom |
| 5:34 | Build | Barracks |
| 6:07 | Build | House |
| 6:34 | Build | Palisade Wall |
| 6:36 | Build | Palisade Wall |
| 6:44 | Research | Feudal Age |
| 7:01 | Build | Palisade Wall |
| 7:07 | Build | Palisade Wall |
| 7:09 | Queue | Militia |
| 7:55 | Build | Palisade Wall |
| 8:36 | Queue | Villager (Male) |
| 8:55 | Age | Feudal Age |
| 9:00 | Build | Archery Range |
| 9:03 | Build | House |
| 9:05 | Build | Palisade Wall |
| 9:12 | Research | Double-Bit Axe |
| 9:12 | Queue | Villager (Male) |
| 9:42 | Queue | Villager (Male) |
| 10:14 | Build | Mill |
| 10:15 | Queue | Villager (Male) |
| 10:15 | Queue | Villager (Male) |
| 10:15 | Queue | Villager (Male) |
| 10:35 | Build | Palisade Gate |
| 10:39 | Build | Palisade Wall |
| 10:54 | Queue | Villager (Male) |
| 10:54 | Queue | Villager (Male) |
| 10:58 | Build | Farm |
| 10:59 | Build | Farm |
| 11:00 | Build | Farm |
| 11:02 | Build | Farm |
| 11:07 | Build | Farm |
| 11:11 | Build | Farm |
| 11:14 | Build | Farm |
| 11:18 | Queue | Villager (Male) |
| 11:25 | Queue | Skirmisher |
| 11:25 | Queue | Skirmisher |
| 11:34 | Build | Farm |
| 11:42 | Queue | Villager (Male) |
| 11:42 | Queue | Villager (Male) |
| 11:54 | Build | Farm |
| 11:55 | Queue | Villager (Male) |
| 12:00 | Queue | Skirmisher |
| 12:04 | Queue | Villager (Male) |
| 12:05 | Queue | Villager (Male) |
| 12:08 | Build | Farm |
| 12:12 | Queue | Villager (Male) |
| 12:20 | Queue | Skirmisher |
| 12:37 | Build | House |
| 12:40 | Research | Town Watch |
| 12:49 | Queue | Villager (Male) |
| 12:59 | Queue | Skirmisher |
| 13:00 | Queue | Villager (Male) |
| 13:09 | Build | House |
| 13:12 | Build | House |
| 13:16 | Queue | Skirmisher |
| 13:31 | Queue | Skirmisher |
| 13:33 | Queue | Villager (Male) |
| 13:43 | Build | Archery Range |
| 13:57 | Queue | Villager (Male) |
| 13:57 | Queue | Villager (Male) |
| 13:58 | Queue | Skirmisher |
| 14:03 | Build | House |
| 14:11 | Build | House |
| 14:28 | Queue | Skirmisher |
| 14:30 | Queue | Villager (Male) |
| 14:35 | Build | House |
| 14:36 | Queue | Skirmisher |
| 14:36 | Queue | Skirmisher |
| 14:58 | Build | House |
| 15:00 | Queue | Villager (Male) |
| 15:17 | Queue | Villager (Male) |
| 15:22 | Build | Mining Camp |
| 15:25 | Queue | Skirmisher |
| 15:42 | Queue | Skirmisher |
| 15:53 | Queue | Villager (Male) |
| 16:02 | Build | Blacksmith |
| 16:25 | Build | Watch Tower |
| 16:29 | Queue | Spearman |
| 16:29 | Queue | Spearman |
| 16:29 | Queue | Spearman |
| 16:52 | Queue | Villager (Male) |
| 17:16 | Queue | Villager (Male) |
| 17:34 | Queue | Villager (Male) |
| 17:47 | Build | Watch Tower |
| 17:48 | Research | Fletching |
| 17:49 | Research | Fletching |
| 17:49 | Queue | Villager (Male) |
| 17:54 | Build | Watch Tower |
| 17:55 | Queue | Villager (Male) |
| 17:56 | Queue | Villager (Male) |
| 17:56 | Queue | Villager (Male) |
| 18:08 | Queue | Villager (Male) |
| 18:25 | Queue | Villager (Male) |
| 18:36 | Build | Mining Camp |
| 18:52 | Build | Lumber Camp |
| 19:08 | Build | Market |
| 20:27 | Research | Castle Age |
| 20:31 | Build | Watch Tower |
| 20:50 | Build | Farm |
| 20:50 | Build | Farm |
| 20:51 | Build | Farm |
| 20:53 | Build | Farm |
| 20:53 | Build | Farm |
| 21:24 | Build | Watch Tower |
| 21:36 | Build | Watch Tower |
| 21:43 | Build | Watch Tower |
| 21:48 | Build | House |
| 21:48 | Build | House |
| 21:50 | Queue | Villager (Male) |
| 21:52 | Research | Gold Mining |
| 22:04 | Build | Stone Wall |
| 22:06 | Build | Stone Wall |
| 22:08 | Build | Stone Wall |
| 22:09 | Build | Stone Wall |
| 22:09 | Build | Stone Wall |
| 22:10 | Build | Stone Wall |
| 22:11 | Build | Stone Wall |
| 22:11 | Build | Stone Wall |
| 22:12 | Build | Stone Wall |
| 22:23 | Build | Watch Tower |
| 22:28 | Build | House |
| 22:38 | Queue | Spearman |
| 22:38 | Queue | Spearman |
| 22:38 | Queue | Spearman |
| 22:51 | Build | House |
| 22:52 | Build | House |
| 23:00 | Build | Farm |
| 23:00 | Build | Farm |
| 23:00 | Build | Farm |
| 23:03 | Build | House |
Build order — I believe I can fly
First 150 of 373 actions detected
| 0:00 | Queue | Villager (Male) |
| 0:01 | Queue | Villager (Male) |
| 0:02 | Build | House |
| 0:03 | Build | House |
| 0:14 | Queue | Villager (Male) |
| 0:14 | Queue | Villager (Male) |
| 1:25 | Queue | Villager (Male) |
| 1:54 | Build | Lumber Camp |
| 2:07 | Queue | Villager (Male) |
| 2:08 | Queue | Villager (Male) |
| 2:24 | Queue | Villager (Male) |
| 2:24 | Queue | Villager (Male) |
| 2:52 | Queue | Villager (Male) |
| 3:45 | Queue | Villager (Male) |
| 3:45 | Queue | Villager (Male) |
| 3:46 | Queue | Villager (Male) |
| 3:56 | Queue | Villager (Male) |
| 4:01 | Build | House |
| 4:20 | Build | Mill |
| 4:30 | Build | Palisade Wall |
| 4:31 | Queue | Villager (Male) |
| 4:37 | Queue | Villager (Male) |
| 4:37 | Queue | Villager (Male) |
| 4:44 | Build | Palisade Wall |
| 5:08 | Build | Palisade Wall |
| 5:12 | Queue | Villager (Male) |
| 5:13 | Queue | Villager (Male) |
| 5:36 | Build | Palisade Wall |
| 6:19 | Build | House |
| 6:20 | Research | Loom |
| 6:22 | Build | Palisade Wall |
| 6:30 | Build | Palisade Wall |
| 7:00 | Queue | Villager (Male) |
| 7:10 | Queue | Villager (Male) |
| 7:32 | Research | Feudal Age |
| 7:32 | Research | Feudal Age |
| 7:44 | Build | Palisade Wall |
| 7:50 | Build | Palisade Wall |
| 7:55 | Build | Palisade Wall |
| 7:58 | Build | Palisade Wall |
| 8:01 | Build | Palisade Wall |
| 8:08 | Build | Palisade Wall |
| 8:36 | Build | Barracks |
| 8:46 | Build | Palisade Wall |
| 9:01 | Queue | Villager (Male) |
| 9:29 | Build | House |
| 9:44 | Queue | Villager (Male) |
| 9:45 | Age | Feudal Age |
| 9:47 | Queue | Spearman |
| 10:02 | Build | Archery Range |
| 10:06 | Research | Double-Bit Axe |
| 10:06 | Research | Double-Bit Axe |
| 10:11 | Queue | Villager (Male) |
| 10:24 | Build | Farm |
| 10:50 | Build | House |
| 10:54 | Queue | Skirmisher |
| 10:55 | Queue | Villager (Male) |
| 10:59 | Build | House |
| 11:10 | Build | Farm |
| 11:15 | Queue | Villager (Male) |
| 11:25 | Build | Farm |
| 11:41 | Build | Farm |
| 11:41 | Queue | Villager (Male) |
| 11:55 | Build | Farm |
| 12:04 | Queue | Villager (Male) |
| 12:08 | Build | Farm |
| 12:29 | Build | Mining Camp |
| 12:35 | Queue | Villager (Male) |
| 12:47 | Build | Palisade Wall |
| 12:52 | Build | Farm |
| 12:52 | Queue | Villager (Male) |
| 12:58 | Build | House |
| 13:02 | Build | Farm |
| 13:22 | Build | Farm |
| 13:23 | Queue | Villager (Male) |
| 13:32 | Build | House |
| 13:48 | Queue | Villager (Male) |
| 14:04 | Build | House |
| 14:17 | Queue | Villager (Male) |
| 14:19 | Build | Farm |
| 14:36 | Build | Blacksmith |
| 14:47 | Queue | Villager (Male) |
| 15:06 | Research | Castle Age |
| 15:06 | Research | Castle Age |
| 15:29 | Build | Lumber Camp |
| 15:40 | Research | Horse Collar |
| 16:28 | Research | Gold Mining |
| 16:42 | Build | Watch Tower |
| 16:46 | Build | Mining Camp |
| 16:53 | Queue | Villager (Male) |
| 17:09 | Research | Fletching |
| 17:27 | Build | House |
| 17:33 | Build | House |
| 17:39 | Build | House |
| 17:45 | Build | House |
| 17:52 | Age | Castle Age |
| 17:52 | Queue | Villager (Male) |
| 17:54 | Build | Siege Workshop |
| 18:11 | Build | Town Center |
| 18:21 | Build | Palisade Wall |
| 18:29 | Queue | Mangonel |
| 18:38 | Queue | Villager (Male) |
| 18:52 | Build | Mining Camp |
| 18:53 | Queue | Villager (Male) |
| 19:03 | Queue | Villager (Male) |
| 19:15 | Build | Farm |
| 19:16 | Queue | Villager (Male) |
| 19:33 | Queue | Villager (Male) |
| 19:41 | Queue | Villager (Male) |
| 19:43 | Build | Palisade Wall |
| 19:52 | Queue | Villager (Male) |
| 19:59 | Queue | Villager (Male) |
| 20:14 | Build | Town Center |
| 20:18 | Queue | Villager (Male) |
| 20:22 | Queue | Villager (Male) |
| 20:27 | Queue | Villager (Male) |
| 20:35 | Build | Farm |
| 20:54 | Research | Bow Saw |
| 21:00 | Research | Wheelbarrow |
| 21:22 | Build | Farm |
| 21:22 | Build | Farm |
| 21:23 | Queue | Villager (Male) |
| 21:32 | Queue | Villager (Male) |
| 21:40 | Queue | Villager (Male) |
| 21:47 | Build | Lumber Camp |
| 21:51 | Queue | Villager (Male) |
| 21:53 | Queue | Mangonel |
| 21:53 | Queue | Mangonel |
| 21:55 | Queue | Villager (Male) |
| 21:55 | Queue | Villager (Male) |
| 22:04 | Queue | Villager (Male) |
| 22:16 | Queue | Villager (Male) |
| 22:16 | Queue | Villager (Male) |
| 22:32 | Queue | Villager (Male) |
| 22:34 | Queue | Mangonel |
| 22:48 | Queue | Villager (Male) |
| 22:59 | Build | Farm |
| 23:00 | Queue | Villager (Male) |
| 23:00 | Queue | Villager (Male) |
| 23:00 | Queue | Villager (Male) |
| 23:07 | Queue | Villager (Male) |
| 23:18 | Queue | Mangonel |
| 23:18 | Queue | Mangonel |
| 23:25 | Queue | Villager (Male) |
| 23:40 | Queue | Villager (Male) |
| 23:49 | Queue | Villager (Male) |
| 23:49 | Queue | Villager (Male) |
| 24:02 | Build | Farm |
| 24:03 | Queue | Villager (Male) |
| 24:03 | Queue | Villager (Male) |
Match timeline
| 4:30 | I believe I can fly · wall_segment Palisade Wall x7 |
| 4:44 | I believe I can fly · wall_segment Palisade Wall x10 |
| 5:08 | I believe I can fly · wall_segment Palisade Wall x3 |
| 5:34 | LukeTheHunter · first_building Barracks |
| 5:36 | I believe I can fly · wall_segment Palisade Wall x5 |
| 6:22 | I believe I can fly · wall_segment Palisade Wall x1 |
| 6:30 | I believe I can fly · wall_segment Palisade Wall x9 |
| 6:34 | LukeTheHunter · wall_segment Palisade Wall x4 |
| 6:36 | LukeTheHunter · wall_segment Palisade Wall x3 |
| 7:01 | LukeTheHunter · wall_segment Palisade Wall x1 |
| 7:07 | LukeTheHunter · wall_segment Palisade Wall x5 |
| 7:44 | I believe I can fly · wall_segment Palisade Wall x1 |
| 7:50 | I believe I can fly · wall_segment Palisade Wall x1 |
| 7:55 | LukeTheHunter · wall_segment Palisade Wall x20 |
| 7:55 | I believe I can fly · wall_segment Palisade Wall x1 |
| 7:58 | I believe I can fly · wall_segment Palisade Wall x1 |
| 8:01 | I believe I can fly · wall_segment Palisade Wall x1 |
| 8:08 | I believe I can fly · wall_segment Palisade Wall x1 |
| 8:36 | I believe I can fly · first_building Barracks |
| 8:46 | I believe I can fly · wall_segment Palisade Wall x1 |
| 8:55 | LukeTheHunter · age_up feudal |
| 9:00 | LukeTheHunter · first_building Archery Range |
| 9:05 | LukeTheHunter · wall_segment Palisade Wall x10 |
| 9:45 | I believe I can fly · age_up feudal |
| 10:02 | I believe I can fly · first_building Archery Range |
| 10:39 | LukeTheHunter · wall_segment Palisade Wall x1 |
| 12:47 | I believe I can fly · wall_segment Palisade Wall x1 |
| 17:52 | I believe I can fly · age_up castle |
| 17:54 | I believe I can fly · first_building Siege Workshop |
| 18:21 | I believe I can fly · wall_segment Palisade Wall x1 |
| 19:43 | I believe I can fly · wall_segment Palisade Wall x1 |
| 20:20 | LukeTheHunter · first_market_sell 100 stone |
| 22:04 | LukeTheHunter · wall_segment Stone Wall x3 |
| 22:06 | LukeTheHunter · wall_segment Stone Wall x5 |
| 22:08 | LukeTheHunter · wall_segment Stone Wall x1 |
| 22:09 | LukeTheHunter · wall_segment Stone Wall x1 |
| 22:09 | LukeTheHunter · wall_segment Stone Wall x1 |
| 22:10 | LukeTheHunter · wall_segment Stone Wall x1 |
| 22:11 | LukeTheHunter · wall_segment Stone Wall x1 |
| 22:11 | LukeTheHunter · wall_segment Stone Wall x1 |
| 22:12 | LukeTheHunter · wall_segment Stone Wall x1 |
| 23:07 | LukeTheHunter · age_up castle |
| 24:06 | LukeTheHunter · first_building Siege Workshop |
| 24:52 | I believe I can fly · first_building Castle |
| 28:52 | LukeTheHunter · first_building Monastery |
| 32:32 | I believe I can fly · first_market_sell 100 wood |
| 32:36 | I believe I can fly · first_building Stable |
| 33:23 | LukeTheHunter · first_market_buy 100 stone |
| 35:32 | LukeTheHunter · age_up imperial |
| 38:31 | LukeTheHunter · resign |
[ AI ANALYSIS · 1 CREDIT ]
What really happened in this match?
Wolo.gg analyzes every decision: build order, eco, micro, common mistakes by bracket. Personalized analysis on WhatsApp or Discord in 30 seconds.
Civ guide
Koreans
Perfil
Jugador #1373125